 Dungeon Crawl Stone Soup version 0.29-a0-824-gd827844252 (webtiles) character file.

Game seed: 6055514619439800578

178 Mesmaeker13 the Magician (level 5, -5/35 HPs)
             Began as a Djinni Fire Elementalist on July 9, 2022.
             Killed from afar by a white imp (16 damage)
             ... with a puff of frost
             ... summoned by Natasha
             ... on level 2 of the Dungeon.
             The game lasted 00:05:28 (3144 turns).

Mesmaeker13 the Magician (Djinni Fire Elementalist) Turns: 3144, Time: 00:05:28

Health: -5/35      AC:  8    Str:  7    XL:     5   Next: 89%
Gold:   82         EV: 10    Int: 19    God:
                   SH:  5    Dex: 13

rFire   + + +      SeeInvis .   k - +1 dagger (protect)
rCold   x . .      Faith    .   (no shield)
rNeg    . . .      Spirit   .   t - +1 ring mail {rF+}
rPois   ∞          Reflect  +   l - +0 helmet
rElec   .          Harm     .   (no cloak)
rCorr   .          Rampage  .   i - +0 pair of gloves
Will    .....                   (boots unavailable)
Stlth   +.........              r - amulet of reflection
HPRegen 0.11/turn               (no ring)
MPRegen 0.00/turn               (no ring)

@: flying, very slightly contaminated, slowed, very slow
A: sickness immunity, fire resistance 2, cold vulnerability 1, float, innate
caster, HP casting, extra vitality 1
a: no special abilities


You were on level 2 of the Dungeon.
You visited 1 branch of the dungeon, and saw 3 of its levels.

You collected 82 gold pieces.

Inventory:

Hand Weapons
 k - a +1 dagger of protection (weapon)
Missiles
 d - a throwing net
 f - 5 curare-tipped darts (quivered)
Armour
 i - a +0 pair of gloves (worn)
 l - a +0 helmet (worn)
 t - a +1 ring mail of fire resistance (worn)
Magical Staves
 e - a staff of death
Jewellery
 r - an amulet of reflection (around neck)
Scrolls
 j - a scroll of noise {unknown}
 o - a scroll of fog
Potions
 b - a potion of ambrosia {unknown}
 c - 3 potions of curing
 g - a potion of berserk rage
 h - a potion of degeneration
 m - a potion of heal wounds {unknown}
 n - a potion of might {unknown}
 p - 2 potions of lignification {unknown}
 q - a potion of haste {unknown}
 s - a potion of flight {unknown}


   Skills:
 + Level 0.0 Armour
 - Level 3.8 Dodging
 - Level 1.5 Stealth
 * Level 4.1 Spellcasting


You couldn't memorise any spells.
You knew the following spells:

 Your Spells              Type           Power      Damage    Failure   Level
a - Foxfire               Conj/Fire      76%        2x1d7     9%          1
b - Scorch                Fire           38%        2d6       13%         2
c - Conjure Flame         Conj/Fire      19%        6-21      26%         3
d - Inner Flame           Hex/Fire       19%        N/A       26%         3
e - Flame Wave            Conj/Fire      19%        2d6       65%         4
f - Shock                 Conj/Air       76%        1d7       9%          1
g - Call Imp              Summ           19%        N/A       13%         2
Your spell library was empty.

Dungeon Overview and Level Annotations

Branches:
Dungeon (3/15)

Altars:
Xom

Shops:
D:1 ?   D:3 *

Annotations:
D:2 7 exclusions, Natasha, Sigmund
D:3 Terence


Innate Abilities, Weirdness & Mutations

You are immune to sickness and miasma.
You are immune to poison.
Your flesh is very heat resistant. (rF++)
You are vulnerable to cold. (rC-)
You float through the air rather than walking.
You learn spells naturally, not from books.
Your magical power is your life essence.
You have superior vitality. (+4 MHP)


Message History

Natasha hisses angrily.
Natasha mumbles some strange words.
There is a stone staircase leading down here.
Unknown command.
Natasha is nearby!
The white imp shouts, "Go and return not, thou skyhacking idle-headed bum-bailey!"
Natasha casts a spell at you.
You feel yourself slow down.
Casting: Foxfire (safe; 9% risk of failure)
Confirm with . or Enter, or press ? or * to list all spells.
You miscast Foxfire.
You are very lightly contaminated with residual magic.
Nothing appears to happen.
Unknown command.
Casting: Foxfire (safe; 9% risk of failure)
Confirm with . or Enter, or press ? or * to list all spells.
Flames lash Natasha.
Natasha is lightly wounded.
Natasha's fire resistance burns away.
Natasha closely misses you.
Unknown command.
Casting: Scorch (safe; 13% risk of failure)
Confirm with . or Enter, or press ? or * to list all spells.
You conjure some foxfire!
Natasha casts a spell.
Natasha is no longer more vulnerable to fire.
The foxfire hits Natasha.
Natasha is moderately wounded.
The foxfire hits the crimson imp but does no damage.
Natasha claws you!
The white imp sputters.
The crimson imp hits you. Natasha barely misses you.
The white imp barely misses you.
Casting: Foxfire (safe; 9% risk of failure)
Confirm with . or Enter, or press ? or * to list all spells.
You conjure some foxfire!
The crimson imp hits you but does no damage.
Natasha barely misses you. The white imp gestures at you.
The puff of frost hits you!
You feel a terrible chill!
You die...

#...................#.#.#
#.
#.............#.###.#.#.#
#. #.............#.#
#.#...# #.
###.............#.#
#.##########.
................#.#
#.#..........
#.................#
#.#.#########
#.#............#..#
#.#.#........
#.######'#####.h5>#
#.#.#.####### #.# #.#
#.v@.# #.#.#.# #.# #.#
#.5v§# #.#.#.# #.# #.#
#....###.#.#†# ..# #.#
#....'...#.#.# ###
#.#####....#####.#.#
#..........# #.#.#
########...# #...# #...#
##### #...#


You could see Natasha (ally target), a crimson imp (summoned, ally target) and a
white imp (summoned).

Vanquished Creatures
  Jessica (D:3)
  Natasha (D:2)
  2 orc wizards (D:3)
  Robin (D:2)
  An adder (D:2)
  A worm (D:2)
  2 dart slugs
  4 orcs (D:3)
  6 ball pythons
  5 bats
  5 endoplasms
  A giant cockroach (D:3)
  7 goblins
  7 hobgoblins
  2 frilled lizards
46 creatures vanquished.

Vanquished Creatures (others)
  128 foxfires
128 creatures vanquished.

Grand Total: 174 creatures vanquished

Notes
Turn   | Place    | Note
-------+----------+-------------------------------------------
     0 | D:1      | Mesmaeker13 the Djinni Fire Elementalist began the quest
                  | for the Orb.
     0 | D:1      | Mesmaeker13 set off with the following spells memorised:
                  | Foxfire, Scorch, Conjure Flame, Inner Flame, Flame Wave.
     0 | D:1      | Reached XP level 1. HP: 15/15 MP: 0/0
   185 | D:1      | Reached XP level 2. HP: 19/21 MP: 0/0
   388 | D:1      | Found Akkor Wic's Magic Scroll Boutique.
  1096 | D:2      | Found a faded altar of an unknown god.
  1109 | D:2      | Reached XP level 3. HP: 24/25 MP: 0/0
  1109 | D:2      | Learned a level 1 spell: Shock
  1139 | D:2      | Reached skill level 3 in Spellcasting
  1191 | D:2      | Noticed Sigmund
  1258 | D:2      | Noticed Robin
  1533 | D:2      | Killed Robin
  1895 | D:2      | Reached XP level 4. HP: 24/31 MP: 0/0
  2229 | D:2      | Noticed Natasha
  2259 | D:2      | Killed Natasha
  2366 | D:2      | Found a shimmering altar of Xom.
  2469 | D:3      | Found Edyr Kig's General Store.
  2566 | D:3      | Reached XP level 5. HP: 27/35 MP: 0/0
  2566 | D:3      | Learned a level 2 spell: Call Imp
  2746 | D:3      | Noticed Jessica
  2776 | D:3      | Killed Jessica
  2777 | D:3      | Reached skill level 4 in Spellcasting
  3019 | D:3      | Noticed Terence
  3131 | D:2      | Noticed Natasha
  3144 | D:2      | Killed from afar by a white imp

Illustrated notes

Levels and vault maps discovered:
D:1:      amcnicky_arrival_feature_with_door, layout_basic, serial_shops, shop,
          fountainhead, corner_web_ring, hex_medium, minmay_tetromino_i4
D:2:      layout_basic, basic_ecumenical_altar, basic_altar, uniq_natasha,
          uniq_robin, uniq_sigmund
D:3:      layout_basic, pdpol_wu_jian_five_deadly_venoms, trog_butcher_becter,
          serial_shops, nicolae_shop_hallway_stairs, uniq_jessica, uniq_terence

Skill      XL: |  1  2  3  4  5 |
---------------+----------------+-----
Spellcasting   | 3 4 |  4.1
Dodging        | 3 |  3.8
Stealth        | |  1.5

Action                   |  1- 3 |  4- 6 || total
-------------------------+-------+-------++-------
Melee: Dagger            |       |     1 ||     1
Throw: Dart              |       |     2 ||     2
 Cast: Foxfire           |    47 |    33 ||    80
       Scorch            |     2 |     3 ||     5
  Use: Scroll            |     4 |     1 ||     5
Armor: Robe              |    11 |     5 ||    16
       Ring mail         |       |     3 ||     3
Dodge: Dodged            |    10 |    20 ||    30
Block: Other             |       |     3 ||     3

Table legend: (Time is in decaauts)
 A = Elapsed time spent in this place.
 B = Non-inter-level travel time spent in this place.
 C = Inter-level travel time spent in this place.
 D = Time resting spent in this place.
 E = Time spent auto-exploring this place.
 F = Levels seen in this place.
 G = Mean time per level.
                   A        B        C        D        E       F      G
               +--------+--------+--------+--------+--------+-----+--------+
         Total |   3147 |   2943 |    204 |    602 |   1656 |   3 | 1049.0 |
       Dungeon |   3147 |   2943 |    204 |    602 |   1656 |   3 | 1049.0 |
               +--------+--------+--------+--------+--------+-----+--------+

Top non-repeatable levels by time:
     D:2: 1481 daAuts
     D:1: 1038 daAuts
     D:3: 627 daAuts
